 Dungeon Crawl Stone Soup version 0.29.0-4-gdea44cf6ec (webtiles) character file.

Game seed: 16266936557331842540

448316 Armakuni the Annihilator (level 26, -12/192 HPs)
             Began as a Meteoran Conjurer on Aug 27, 2022.
             Was an Elder of Elyvilon.
             Killed from afar by a storm dragon (22 damage)
             ... with a bolt of lightning
             ... on level 4 of the Realm of Zot.
             The game lasted 03:30:14 (34301 turns).

Armakuni the Annihilator (Meteoran Conjurer)       Turns: 34301, Time: 03:30:14

Health: -12/192    AC: 20    Str: 16    XL:     26   Next: 35%
Magic:  44/44      EV: 14    Int: 32    God:    Elyvilon [****..]
Gold:   2303       SH:  0    Dex: 12    Spells: 5/57 levels left

rFire   + + .      SeeInvis +   a - +5 lajatang (spect)
rCold   + . .      Faith    .   (shield currently unavailable)
rNeg    . . .      Spirit   .   K - +4 troll leather armour {Snorg}
rPois   .          Reflect  .   Q - +1 helmet
rElec   .          Harm     .   n - +2 cloak
rCorr   .          Rampage  .   y - -2 pair of gloves of Precision Catastrophes {Will+}
Will    +++++                   B - +1 pair of boots
Stlth   ..........              M - amulet of magic regeneration
HPRegen 1.22/turn               W - ring "Loivai Xuiw" {Wiz rC+ Will+ Int+4}
MPRegen 0.69/turn               A - ring of Wonder {rF++ AC+4 Str+3 SInv}

@: silenced (expiring), glowing, studying Summonings, unable to drink
A: sense surroundings 3, otherworldly, glowing, explore regen, clumsy 1
}: 3/15 runes: decaying, serpentine, silver
a: Renounce Religion


You were on level 4 of the Realm of Zot.
You worshipped Elyvilon.
Elyvilon was greatly pleased with you.
You visited 9 branches of the dungeon, and saw 45 of its levels.
You also visited: Trove and Ice Cave.

You collected 5191 gold pieces.
You spent 2888 gold pieces at shops.

Inventory:

Hand Weapons
 a - a +5 spectral lajatang (weapon)
 b - the +0 staff of Battle
   (You found it on level 5 of the Vaults)

   It enhances your conjuration magic.
   It summons a battlesphere in combat, with strength depending on Conjurations
   skill.
   Its strikes trigger the battlesphere's blasts.
Missiles
 u - 2 throwing nets
Armour
 n - a +2 cloak (worn)
 y - the -2 pair of gloves of Precision Catastrophes (worn) {Will+}
   (You bought it in a shop on level 2 of the Orcish Mines)

   Will:      It increases your willpower.
 B - a +1 pair of boots (worn)
 F - the +0 hat of Lifelessness {Rampage Fly Slay+3}
   (You found it on level 3 of the Vaults)

   Slay:      It affects your accuracy & damage with ranged weapons and melee
   (+3).
   Fly:       It grants you flight.
   Rampage:   It bestows one free step when moving towards enemies.
 K - a +4 troll leather armour (worn) {Snorg}
 Q - a +1 helmet (worn)
 S - a +0 buckler of reflection
Jewellery
 A - the ring of Wonder (right hand) {rF++ AC+4 Str+3 SInv}
   (You found it on level 5 of the Vaults)

   [ring of protection]

   AC:        It affects your AC (+4).
   Str:       It affects your strength (+3).
   rF:        It greatly protects you from fire.
   SInv:      It lets you see invisible.
 I - the ring of Rationality {+Blink rC+ Will+ rCorr SInv}
   (You found it in a treasure trove)

   [ring of protection from cold]

   rC:        It protects you from cold.
   SInv:      It lets you see invisible.
   +Blink:    It lets you blink.
   rCorr:     It protects you from acid and corrosion.
   Will:      It increases your willpower.
 L - a ring of flight
 M - an amulet of magic regeneration (around neck)
 W - the ring "Loivai Xuiw" (left hand) {Wiz rC+ Will+ Int+4}
   (You found it in a treasure trove)

   [ring of wizardry]

   It improves your spell success rate.
   Int:       It affects your intelligence (+4).
   rC:        It protects you from cold.
   Will:      It increases your willpower.
Wands
 c - a wand of charming (23)
 j - a wand of acid (4)
 k - a wand of digging (23)
 r - a wand of roots (30)
 w - a wand of flame (36)
 E - a wand of mindburst (33)
 H - a wand of polymorph (4)
Scrolls
 g - 8 scrolls of poison
 l - 15 scrolls of teleportation
 o - 4 scrolls of magic mapping
 s - 7 scrolls of fear
 t - 5 scrolls of fog
 v - 6 scrolls of immolation
 G - 3 scrolls of vulnerability
 J - 4 scrolls of silence
 N - 4 scrolls of amnesia
 O - 6 scrolls of blinking
 P - 6 scrolls of noise
Potions
 d - 12 potions of curing
 e - 6 potions of mutation
 f - 9 potions of brilliance
 h - a potion of ambrosia
 i - 7 potions of lignification
 p - 5 potions of haste
 q - 7 potions of might
 x - a potion of cancellation
 z - 2 potions of berserk rage
 C - 12 potions of flight
 D - a potion of resistance
 R - 3 potions of heal wounds
Miscellaneous
 m - a phantom mirror


   Skills:
 + Level 7.4 Fighting
 - Level 14.0 Staves
 - Level 7.0 Armour
 + Level 6.9 Dodging
 - Level 1.4 Stealth
 - Level 4.0 Shields
 - Level 16.0 Spellcasting
 O Level 27 Conjurations
 - Level 5.0 Summonings
 - Level 10.0 Transmutations
 O Level 27 Ice Magic
 - Level 10.0 Earth Magic
 - Level 10.0 Invocations
 - Level 10.0 Evocations


You had 5 spell levels left.
You knew the following spells:

 Your Spells              Type           Power      Damage    Failure   Level
c - Lehudib's Crystal Sp  Conj/Erth      48%        10d12     2%          8
i - Irradiate             Conj/Tmut      48%        3d27      1%          5
j - Freezing Cloud        Conj/Ice/Air   48%        6-21      1%          5
k - Statue Form           Tmut/Erth      49%        N/A       1%          6
m - Iskenderun's Mystic   Conj/Tloc      84%        2d17      1%          4
s - Spellforged Servitor  Conj/Summ      45%        N/A       1%          7
v - Polar Vortex          Ice            57%        N/A       1%          9
w - Passwall              Tmut/Erth      61%        N/A       1%          2
z - Iron Shot             Conj/Erth      48%        9d9       1%          6

Your spell library contained the following spells:

 Spells                   Type           Power      Damage    Failure   Level
 Foxfire                  Conj/Fire      100%       2x1d9     0%          1
 Freeze                   Ice            100%       1d11      0%          1
 Magic Dart               Conj           100%       1d8       0%          1
 Shock                    Conj/Air       100%       1d9       0%          1
 Ensorcelled Hibernation  Hex/Ice        100%       N/A       0%          2
 Searing Ray              Conj           100%       2d8       0%          2
 Conjure Flame            Conj/Fire      84%        6-21      0%          3
 Dazzling Flash           Conj/Hex       100%       N/A       0%          3
 Frozen Ramparts          Ice            100%       1d16      0%          3
 Stone Arrow              Conj/Erth      100%       3d13      0%          3
 Hailstorm                Conj/Ice       100%       3d20      0%          4
 Iskenderun's Battlesphe  Conj           100%       2d15      0%          5
 Sandblast                Erth           100%       2d20      1%          1
 Slow                     Hex            100%       N/A       1%          1
 Poisonous Vapours        Pois/Air       50%        N/A       1%          2
 Scorch                   Fire           50%        2d8       1%          2
 Sublimation of Blood     Necr           25%        N/A       1%          2
 Ignite Poison            Fire/Tmut/Pois 46%        N/A       1%          3
 Spider Form              Tmut/Pois      55%        N/A       1%          3
 Animate Armour           Summ/Erth      100%       N/A       1%          4
 Flame Wave               Conj/Fire      84%        2d18      1%          4
 Fulminant Prism          Conj/Hex       42%        3d20      1%          4
 Petrify                  Tmut/Erth      74%        N/A       1%          4
 Blade Hands              Tmut           37%        N/A       1%          5
 Fireball                 Conj/Fire      42%        3d17      1%          5
 Lightning Bolt           Conj/Air       42%        1d61      1%          5
 Confusing Touch          Hex            25%        N/A       2%          3
 Inner Flame              Hex/Fire       25%        N/A       2%          3
 Portal Projectile        Hex/Tloc       50%        N/A       2%          3
 Swiftness                Air            25%        N/A       2%          3
 Tukima's Dance           Hex            25%        N/A       2%          3
 Vampiric Draining        Necr           25%        2d7       2%          3
 Summon Lightning Spire   Summ/Air       41%        N/A       2%          4
 Borgnjor's Vile Clutch   Necr/Erth      27%        N/A       2%          5
 Yara's Violent Unravell  Hex/Tmut       27%        3d12      2%          5
 Airstrike                Air            12%        2d(2-18)  8%          4
 Anguish                  Hex/Necr       12%        N/A       8%          4
 Corpse Rot               Necr/Pois/Air  25%        N/A       8%          4
 Passage of Golubria      Tloc           25%        N/A       8%          4
 Simulacrum               Ice/Necr       42%        N/A       1%          6
 Starburst                Conj/Fire      42%        6d12      1%          6
 Summon Cactus Giant      Summ           27%        N/A       16%         6
 Ignition                 Fire           12%        3d6       100%        8


Dungeon Overview and Level Annotations

Branches:
Dungeon (15/15) Zot: 177   Temple (1/1) D:7 Zot: 420    Lair (5/5) D:9 Zot: 80
  Swamp (4/4) Lair:3 Zot: 166   Snake (4/4) Lair:3 Zot: 169   Slime (0/5) Lair:5
    Orc (2/2) D:11 Zot: 158     Elf (0/3) Orc:2        Vaults (5/5) D:13 Zot: 78
  Crypt (0/3) Vaults:3     Depths (4/4) D:15 Zot: 1428     Zot (5/5) Depths:4 Zot: 2381
  IceCv (visited)

Altars:
Ashenzari
Cheibriados
Dithmenos
Elyvilon
Fedhas
Gozag
Hepliaklqana
Kikubaaqudgha
Makhleb
Nemelex Xobeh
Okawaru
Qazlal
Ru
Sif Muna
Trog
Uskayaw
Vehumet
Wu Jian
Xom
Yredelemnul
Zin
The Shining One
Lugonu

Shops:
D:10 *   Orc:2 :([*   Snake:2 *==(   Vaults:1 =   Vaults:5 [=

Portals:
Hell: Lair:5 Depths:3
Pandemonium: Depths:2


Innate Abilities, Weirdness & Mutations

You passively map a large area around you.
You are easily found by Zot.
You glow in the dark.
You regain HP and MP as you explore.
You are clumsy. (Dex -2)


Message History

A storm dragon comes into view.
The moth of wrath's fur bristles in rage as it notices you.
The storm dragon roars deafeningly!
The Killer Klown pies you viciously! The klown pie hits you!!
Blueberry!
An unnatural silence engulfs you.
* * * LOW HITPOINT WARNING * * *
The red draconian barely misses you. The Killer Klown pies you viciously!
The klown pie hits you!!!
Lemon!
You feel unable to drink.
* * * LOW HITPOINT WARNING * * *
The storm dragon breathes lightning at you.
The bolt of lightning hits you!! Elyvilon protects you from harm!
The red draconian attacks as you move away!
The red draconian hits you but does no damage.
There is a stone staircase leading up here.
The red draconian hits you with a +0 long sword.
* * * LOW HITPOINT WARNING * * *
The storm dragon completely misses you. The storm dragon claws you.
* * * LOW HITPOINT WARNING * * *
The storm dragon tramples you but does no damage.
The moth of wrath bites you but does no damage.
You climb upwards.
There is a stone staircase leading down here.
You cannot cast spells when silenced!
Magic scrolls do not work when you're silenced!
Unknown command.
Unknown command.
You cannot drink potions in your current state!
Magic scrolls do not work when you're silenced!
Unknown command.
Unknown command.
Unknown command.
You cannot drink potions in your current state!
Unknown command.
The moth of wrath attacks as you move away!
The moth of wrath completely misses you.
The storm dragon breathes lightning at you.
The bolt of lightning hits you!!
You die...

,, , ,, * , , ,
,, ,,, , ,, , ,
,, ,, , , , , , *
.. , , ,, ,, *
*##.. , , , , ,
..., , , , ##+# ,
##.## * , , , , ,
#...## ###...# ,,
,, , , ,
,..⌠...###...⌠.+,
* , , ,
#.....D.@.....# *
, *##....>....###
, , ,,
,###.yd..### , ,,
,, ##.⌠.## , * ,,
, ,,
,,###...(.### ,,
,, *#...÷<....#**
, , , ,
#.............# ,
, , ,
+.⌠...###...⌠.+ ,
,, , , ,, #...##
##...# , ,


You could see a storm dragon (catching breath), a red draconian and a moth of
wrath.

Vanquished Creatures
  An ancient lich (Vaults:2)
  A dread lich (Zot:5)
  Frederick (Vaults:4)
  Saint Roka (Vaults:4)
  2 golden dragons (Depths:4)
  2 bone dragons (Depths:4)
  An electric golem (Zot:1)
  6 tentacled monstrosities
  2 titans (Vaults:5)
  5 Orb Guardians (Zot:5)
  A quicksilver dragon (Zot:4)
  The ghost of Kare Xaoge the Bludgeoner, an adept DgTm (Vaults:3)
  5 sphinxes
  Kirke (Lair:3)
  2 shadow dragons
  5 tengu reavers
  5 storm dragons
  3 fire giants
  8 vault wardens
  2 nagarajas (Snake:4)
  2 frost giants
  Aizul (Snake:2)
  An iron dragon (Depths:4)
  2 orc warlords
  A cacodemon (Depths:2)
  3 war gargoyles
  19 ironbound preservers
  A reaper (IceCv)
  2 ironbound thunderhulks
  10 very ugly things
  11 stone giants
  A black draconian (Depths:4)
  A green draconian (Zot:3)
  4 bunyips
  2 deep elf annihilators (Vaults:5)
  3 eleionomae (Swamp:2)
  A deep elf demonologist (Vaults:5)
  4 yellow draconians
  21 dire elephants
  Snorg (Orc:2)
  A crystal guardian (Vaults:4)
  A merfolk javelineer (Depths:4)
  8 ettins
  2 shambling mangroves
  3 great orbs of eyes
  7 yaktaur captains
  Josephine (D:11)
  A deep elf high priest (Vaults:5)
  Fannar (Lair:2)
  An ice dragon (Depths:3)
  2 salamander tyrants
  34 vault guards
  18 hydras
  An ironbound frostheart (Vaults:2)
  2 peacekeepers (Vaults:4)
  9 anacondas
  3 ogre magi
  7 boulder beetles
  A spriggan skeleton (Depths:3)
  Erica (D:8)
  3 deep troll shamans (Depths:4)
  13 centaur warriors
  7 alligators
  6 naga warriors
  6 two-headed ogres
  5 death yaks
  A spriggan berserker (Depths:3)
  4 deep troll earth magi
  An orc high priest (Orc:1)
  Nergalle (D:11)
  6 shock serpents
  A sun demon (Lair:5)
  3 hell knights
  3 naga sharpshooters (Snake:4)
  6 iron trolls
  A death drake (shapeshifter) (Vaults:4)
  3 salamander mystics
  2 fire crabs
  34 deep trolls
  A glowing orange brain (shapeshifter) (Vaults:5)
  A shadow wraith (Vaults:5)
  2 spriggan druids
  2 flayed ghosts
  A golden dragon zombie (Depths:3)
  A goliath frog (shapeshifter) (D:15)
  10 swamp dragons
  3 sea snakes (Snake:1)
  3 glowing orange brains
  6 goliath frogs
  14 ironbound convokers
  2 bog bodies (Swamp:2)
  A golden dragon skeleton (Depths:3)
  3 wizards
  10 lindwurms
  2 deep elf pyromancers (D:13)
  11 harpies
  4 naga ritualists
  4 phantasmal warriors
  5 orc knights
  7 necromancers
  3 orc sorcerers
  14 mana vipers
  7 salamanders
  15 ugly things
  11 cyclopes
  4 manticores
  3 will-o-the-wisps
  12 elephants
  6 moths of wrath
  An iron dragon skeleton (Depths:3)
  13 vault sentinels
  3 guardian serpents (Snake:1)
  A guardian serpent (shapeshifter) (Vaults:3)
  An ice statue (IceCv)
  A torpor snail (Lair:5)
  11 naga magi
  28 black mambas
  A frost giant skeleton (Vaults:4)
  A yaktaur zombie (Vaults:4)
  7 gargoyles
  9 cane toads
  A storm dragon simulacrum (Vaults:4)
  5 rime drakes
  23 yaktaurs
  11 komodo dragons
  3 anaconda simulacra (IceCv)
  A freezing wraith (D:15)
  An efreet (D:14)
  2 red devils
  7 meliai
  10 trolls
  2 ice devils
  5 tyrant leeches
  A tengu simulacrum (Vaults:4)
  A meliai (shapeshifter) (Vaults:5)
  9 hornets
  A bloated husk (Swamp:4)
  2 nameless horrors
  A tarantella (shapeshifter) (D:15)
  17 slime creatures
  A polar bear (Lair:4)
  22 blink frogs
  A culicivora (Vaults:2)
  Sigmund (D:2)
  6 spriggans
  3 wraiths (D:11)
  35 yaks
  An elf zombie (Vaults:4)
  2 shadows
  3 hogs (Lair:3)
  6 wyverns
  3 humans (D:13)
  5 basilisks
  A death yak simulacrum (IceCv)
  A golden eye (shapeshifter) (D:14)
  A redback (Vaults:2)
  4 steam dragons
  19 vampire mosquitoes
  Edmund (D:4)
  7 wargs
  9 swamp worms
  31 nagas
  A hydra simulacrum (IceCv)
  2 harpy simulacra (IceCv)
  20 water moccasins
  3 acid dragons
  5 hell hounds
  7 swamp drakes
  A sky beast (D:7)
  29 orc warriors
  3 ice beasts
  2 black bears
  3 boggarts (Lair:4)
  10 ogres
  5 wolves
  5 centaurs
  4 kobold brigands
  A gnoll sergeant (D:12)
  2 necrophages (D:7)
  9 bullfrogs
  A scorpion (D:5)
  2 cane toad simulacra (IceCv)
  7 two-headed ogre simulacra (IceCv)
  3 wights (D:10)
  3 elephant simulacra (IceCv)
  4 killer bees (D:9)
  4 howler monkeys
  2 electric eels
  2 jellies
  9 orc priests
  5 hounds
  Crazy Yiuf (D:3)
  Jessica (D:2)
  3 iguanas
  4 hell rats (Lair:2)
  Natasha (thrice) (D:3)
  19 orc wizards
  5 spriggan simulacra (IceCv)
  2 troll simulacra (IceCv)
  A polar bear simulacrum (D:9)
  10 wolf simulacra
  Robin (D:4)
  2 adders
  11 gnolls
  11 naga simulacra (IceCv)
  4 white imps (IceCv)
  7 ufetubi
  A worm (D:2)
  82 orcs
  6 endoplasms
  4 giant cockroaches
  17 goblins
  7 hobgoblins
  4 jackals (D:1)
  5 ball pythons
  4 frilled lizards
  20 kobolds
  A rat (D:3)
  2 river rat simulacra (D:9)
1259 creatures vanquished.

Vanquished Creatures (collateral kills)
  A bone dragon (Vaults:3)
  An electric golem (Zot:1)
  3 Orb Guardians (Zot:5)
  2 tentacled monstrosities
  Zenata (Vaults:1)
  An ancient champion (Vaults:2)
  A tengu reaver (Depths:3)
  Roxanne (Swamp:3)
  The ghost of Yjimoseergh the Spry, an adept SpFE of Dithmenos (Vaults:2)
  A fire giant (Depths:4)
  5 nagarajas
  A draconian monk (Zot:5)
  A deep elf sorcerer (Vaults:5)
  5 vault wardens
  A draconian shifter (Zot:5)
  An orc warlord (Vaults:1)
  A draconian annihilator (Depths:4)
  7 ironbound preservers
  2 ironbound thunderhulks
  4 very ugly things
  A green draconian (Zot:3)
  A black draconian (Depths:4)
  An entropy weaver (Vaults:2)
  A deep elf annihilator (Vaults:5)
  A white draconian (Depths:4)
  A bunyip (Swamp:4)
  10 dire elephants
  A crystal guardian (Vaults:4)
  A deep elf high priest (Vaults:5)
  2 shambling mangroves (Swamp:4)
  3 yaktaur captains
  A great orb of eyes (Vaults:1)
  A fire dragon (Depths:3)
  2 vault guards (Vaults:4)
  5 hydras
  2 peacekeepers (Vaults:3)
  A salamander tyrant (Snake:4)
  3 ironbound frosthearts
  3 naga warriors (Snake:4)
  A ghost crab (Swamp:2)
  A catoblepas (Lair:5)
  A two-headed ogre (shapeshifter) (Vaults:5)
  3 death yaks (Lair:5)
  4 shock serpents
  3 alligators
  2 hell knights (Vaults:5)
  2 naga sharpshooters
  2 goliath frogs
  A salamander mystic (Snake:4)
  A sea snake (Snake:1)
  A swamp dragon (Swamp:4)
  2 spriggan druids
  5 deep trolls
  A wizard (Vaults:3)
  3 ironbound convokers
  A bog body (Swamp:3)
  2 orc knights (Vaults:1)
  8 lindwurms
  A phantasmal warrior (Vaults:2)
  4 harpies
  3 mana vipers
  5 salamanders
  2 ugly things
  11 black mambas
  2 moths of wrath
  3 elephants (Lair:5)
  4 naga magi
  2 orange demons (Lair:5)
  6 vault sentinels
  A cane toad (Lair:5)
  8 yaktaurs (Vaults:2)
  2 ice devils
  A hellwing (Lair:5)
  A golden dragon simulacrum (Depths:3)
  A human skeleton (Vaults:4)
  A red devil (Lair:5)
  3 tyrant leeches
  4 slime creatures
  5 hornets (Swamp:1)
  3 blink frogs (Lair:5)
  A water elemental (Depths:4)
  7 spriggans
  A wyvern (Lair:5)
  3 yaks (Lair:5)
  2 vampire mosquitoes (Swamp:3)
  A redback (Vaults:2)
  2 swamp worms
  14 nagas
  A hell hound (Lair:5)
  3 swamp drakes (Swamp:4)
  An ogre (Vaults:5)
  3 wolves (Lair:5)
  An orc wizard (Orc:2)
  5 orcs (Orc:2)
244 creatures vanquished.

Vanquished Creatures (others)
  A swamp dragon (Swamp:3)
  A deep troll (Vaults:3)
  2 wizards
  A guardian serpent (Snake:4)
  2 naga magi
  2 bloated husks
  2 hornets (Swamp:4)
  6 slime creatures (D:15)
  A vampire mosquito (Swamp:3)
  An orc warrior (Vaults:5)
  A boggart (Lair:4)
  A nameless horror (Depths:4)
  A white imp (D:7)
  18 foxfires
  73 fulminant prisms
  44 fungi
  35 plants
  13 toadstools (Lair:1)
205 creatures vanquished.

Grand Total: 1708 creatures vanquished

Notes
Turn   | Place    | Note
-------+----------+-------------------------------------------
     0 | D:1      | Armakuni the Meteoran Conjurer began the quest for the Orb.
     0 | D:1      | Reached XP level 1. HP: 14/14 MP: 5/5
    78 | D:1      | Reached skill level 5 in Conjurations
   205 | D:1      | Reached XP level 2. HP: 20/20 MP: 4/6
   382 | D:2      | Learned a level 2 spell: Searing Ray
   487 | D:1      | Reached XP level 3. HP: 26/26 MP: 8/8
   500 | D:2      | Noticed Sigmund
   635 | D:1      | Found a faded altar of an unknown god.
   859 | D:2      | Noticed Jessica
   870 | D:2      | Killed Jessica
   871 | D:2      | Reached XP level 4. HP: 16/33 MP: 5/9
  1110 | D:3      | Noticed Natasha
  1114 | D:3      | Killed Natasha
  1115 | D:3      | Reached XP level 5. HP: 28/38 MP: 6/10
  1159 | D:2      | Killed Sigmund
  1160 | D:2      | Reached XP level 6. HP: 37/45 MP: 8/11
  1257 | D:2      | Learned a level 4 spell: Iskenderun's Mystic Blast
  1262 | D:2      | Learned a level 4 spell: Fulminant Prism
  1473 | D:3      | Found a broken altar of Ashenzari.
  1474 | D:3      | Noticed Natasha
  1480 | D:3      | Killed Natasha
  1753 | D:3      | Found a runed translucent door.
  1754 | D:3      | Noticed Crazy Yiuf
  1759 | D:3      | Killed Crazy Yiuf
  1760 | D:3      | Reached XP level 7. HP: 50/50 MP: 9/12
  1899 | D:3      | Noticed Natasha
  1903 | D:3      | Killed Natasha
  2173 | D:4      | Noticed Edmund
  2180 | D:4      | Killed Edmund
  2194 | D:5      | Entered Level 5 of the Dungeon
  2285 | D:4      | Reached skill level 10 in Conjurations
  2295 | D:4      | Found a shadowy altar of Dithmenos.
  2537 | D:4      | Reached XP level 8. HP: 57/57 MP: 11/13
  2890 | D:5      | Glimpsed the power of Zot.
  2951 | D:6      | Reached skill level 5 in Spellcasting
  3354 | D:4      | Noticed Robin
  3367 | D:4      | Killed Robin
  3486 | D:6      | Glimpsed the power of Zot.
  3614 | D:6      | Found a sacrificial altar of Ru.
  3665 | D:6      | Gained mutation: You passively map the area around you.
                  | [Meteoran growth]
  3665 | D:6      | Reached XP level 9. HP: 51/62 MP: 20/20
  3777 | D:7      | Found a staircase to the Ecumenical Temple.
  3786 | Temple   | Entered the Ecumenical Temple
  3795 | Temple   | Became a worshipper of Elyvilon the Healer
  4037 | D:7      | Identified the +7 dagger of the Madman {holy, Int+4}
  4312 | D:7      | Noticed a gargoyle
  4379 | D:7      | Killed a gargoyle
  4380 | D:7      | Reached skill level 10 in Spellcasting
  4385 | D:7      | Noticed a gargoyle
  4385 | D:7      | Noticed a gargoyle
  4396 | D:7      | Killed a gargoyle
  4397 | D:7      | Reached skill level 5 in Evocations
  4397 | D:7      | Reached skill level 1 in Fighting
  4397 | D:7      | Reached XP level 10. HP: 42/71 MP: 11/25
  4397 | D:7      | Killed a gargoyle
  4400 | D:7      | Noticed a gargoyle
  4404 | D:7      | Killed a gargoyle
  4405 | D:7      | Reached skill level 5 in Fighting
  4863 | D:6      | Glimpsed the power of Zot.
  4912 | D:6      | Glimpsed the power of Zot.
  4940 | D:9      | Reached skill level 1 in Staves
  4970 | D:8      | Reached * piety under Elyvilon
  5043 | D:8      | Noticed Erica
  5052 | D:8      | Killed Erica
  5053 | D:8      | Reached skill level 5 in Dodging
  5071 | D:8      | Reached skill level 5 in Armour
  5103 | D:8      | Reached XP level 11. HP: 47/86 MP: 15/26
  5459 | D:8      | Glimpsed the power of Zot.
  5509 | D:9      | Glimpsed the power of Zot.
  5549 | D:9      | Glimpsed the power of Zot.
  5559 | D:9      | Touched by the power of Zot.
  5559 | D:9      | Found a staircase to the Lair.
  5595 | D:9      | Identified the +3 spear of Imnytaso {holy, Dex+7}
  5660 | D:9      | Glimpsed the power of Zot.
  5710 | D:9      | Glimpsed the power of Zot.
  5750 | D:9      | Glimpsed the power of Zot.
  5759 | D:9      | Touched by the power of Zot.
  5860 | D:9      | Glimpsed the power of Zot.
  5880 | D:9      | Reached ** piety under Elyvilon
  5910 | D:9      | Glimpsed the power of Zot.
  5950 | D:9      | Glimpsed the power of Zot.
  5955 | D:9      | Found a hazy altar of Hepliaklqana.
  5959 | D:9      | Touched by the power of Zot.
  6060 | D:9      | Glimpsed the power of Zot.
  6110 | D:9      | Glimpsed the power of Zot.
  6150 | D:9      | Glimpsed the power of Zot.
  6159 | D:9      | Touched by the power of Zot.
  6260 | D:9      | Glimpsed the power of Zot.
  6297 | D:9      | Noticed a necromancer
  6310 | D:9      | Glimpsed the power of Zot.
  6335 | Lair:1   | Entered Level 1 of the Lair of Beasts
  6352 | D:9      | Glimpsed the power of Zot.
  6362 | D:9      | Touched by the power of Zot.
  6392 | D:10     | Entered Level 10 of the Dungeon
  6805 | D:10     | Reached skill level 5 in Invocations
  6827 | D:10     | Found Cyuth's General Store.
  6938 | D:10     | Noticed a two-headed ogre
  6947 | D:10     | Killed a two-headed ogre
  6948 | D:10     | Reached skill level 5 in Staves
  6981 | D:10     | Noticed a two-headed ogre
  6988 | D:10     | Killed a two-headed ogre
  7063 | D:10     | Glimpsed the power of Zot.
  7113 | D:10     | Glimpsed the power of Zot.
  7175 | D:11     | Reached *** piety under Elyvilon
  7224 | D:11     | Found a portal to a secret trove of treasure.
  7240 | Trove    | Entered a treasure trove
  7243 | Trove    | Identified the ring of the Ancients {Ice *Slow Str+4 Dex+4}
  7253 | Trove    | Identified the ring of Gonya {Ice rElec Str+4}
  7255 | Trove    | Identified the ring "Loivai Xuiw" {Wiz rC+ Will+ Int+4}
  7260 | Trove    | Identified the ring "Ihifan" {rPois rC+ Str+6 Dex-4}
  7267 | Trove    | Identified the ring of the Tempest {Wiz rElec rF+ Will+}
  7271 | Trove    | Identified the ring "Poogut" {Will+ rCorr}
  7279 | Trove    | Identified the ring "Tuhabboa" {rN+ Str+2 Dex+8}
  7282 | Trove    | Identified the ring "Silobum" {Ice rElec rPois rN++ Str-5}
  7285 | Trove    | Identified the amulet "Vitavyr" {Spirit Int+6 Dex+2 Slay+3}
  7287 | Trove    | Identified the ring of Rationality {+Blink rC+ Will+ rCorr
                  | SInv}
  7289 | Trove    | Identified the ring "Vutes" {rElec Str+6 Slay+2}
  7291 | Trove    | Identified the ring of Woeremu {Fly Dex+3 Slay+3}
  7488 | D:11     | Found a staircase to the Orcish Mines.
  7536 | D:11     | Learned a level 5 spell: Irradiate
  7578 | D:12     | Noticed a manticore
  7652 | D:11     | Reached XP level 12. HP: 68/94 MP: 27/27
  7808 | D:11     | Noticed Josephine
  7815 | D:11     | Killed Josephine
  7816 | D:11     | Reached skill level 15 in Conjurations
  7894 | D:11     | Noticed Nergalle
  7907 | D:11     | Killed Nergalle
  8115 | D:12     | Noticed an eight-headed hydra
  8125 | D:12     | Killed an eight-headed hydra
  8314 | D:12     | Noticed a two-headed ogre
  8322 | D:12     | Killed a two-headed ogre
  8327 | D:12     | Noticed a boulder beetle
  8329 | D:12     | Noticed an orc knight
  8342 | D:12     | Killed an orc knight
  8346 | D:12     | Killed a boulder beetle
  8347 | D:12     | Reached XP level 13. HP: 73/100 MP: 4/28
  8348 | D:12     | Glimpsed the power of Zot.
  8371 | D:12     | Noticed a boulder beetle
  8374 | D:12     | HP: 1/100 [boulder beetle (17)]
  8398 | D:12     | Glimpsed the power of Zot.
  8406 | D:13     | Noticed a centaur warrior
  8442 | D:12     | Killed a boulder beetle
  8713 | D:12     | Noticed a six-headed hydra
  8722 | D:12     | Killed a six-headed hydra
  8770 | D:12     | Noticed a boulder beetle
  8775 | D:12     | Killed a boulder beetle
  8948 | D:12     | Glimpsed the power of Zot.
  8998 | D:12     | Glimpsed the power of Zot.
  9038 | D:12     | Glimpsed the power of Zot.
  9047 | D:12     | Touched by the power of Zot.
  9148 | D:12     | Glimpsed the power of Zot.
  9198 | D:13     | Glimpsed the power of Zot.
  9212 | D:14     | Noticed a centaur warrior
  9218 | D:14     | HP: 2/100 [spore (12)]
  9414 | D:13     | Noticed a vault guard
  9414 | D:13     | Noticed a vault guard
  9513 | D:13     | Killed a centaur warrior
  9696 | D:14     | Reached **** piety under Elyvilon
  9746 | D:14     | Glimpsed the power of Zot.
  9789 | D:14     | Noticed a boulder beetle
  9796 | D:14     | Glimpsed the power of Zot.
  9800 | D:14     | Killed a boulder beetle
  9835 | D:14     | Glimpsed the power of Zot.
  9845 | D:14     | Killed a centaur warrior
  9845 | D:14     | Touched by the power of Zot.
  9846 | D:14     | Reached XP level 14. HP: 69/82 MP: 24/29
  9918 | D:14     | Reached skill level 10 in Invocations
  9945 | D:14     | Glimpsed the power of Zot.
  9948 | D:15     | Entered Level 15 of the Dungeon
 10307 | D:13     | Found a gate to the Vaults.
 10546 | D:14     | Glimpsed the power of Zot.
 10596 | D:14     | Glimpsed the power of Zot.
 10636 | D:14     | Glimpsed the power of Zot.
 10646 | D:14     | Touched by the power of Zot.
 10747 | D:14     | Glimpsed the power of Zot.
 10797 | D:14     | Glimpsed the power of Zot.
 10837 | D:14     | Glimpsed the power of Zot.
 10846 | D:14     | Touched by the power of Zot.
 10947 | D:14     | Glimpsed the power of Zot.
 10995 | D:15     | Noticed a brown very ugly thing
 10996 | D:15     | Glimpsed the power of Zot.
 11009 | D:15     | Reached skill level 10 in Evocations
 11010 | D:15     | Pacified a purple very ugly thing
 11035 | D:15     | Glimpsed the power of Zot.
 11045 | D:15     | Touched by the power of Zot.
 11146 | D:15     | Glimpsed the power of Zot.
 11194 | D:15     | Glimpsed the power of Zot.
 11233 | D:14     | Glimpsed the power of Zot.
 11243 | D:14     | Touched by the power of Zot.
 11343 | D:14     | Glimpsed the power of Zot.
 11392 | D:14     | Glimpsed the power of Zot.
 11432 | D:14     | Glimpsed the power of Zot.
 11441 | D:14     | Touched by the power of Zot.
 11541 | D:15     | Glimpsed the power of Zot.
 11591 | D:15     | Glimpsed the power of Zot.
 11631 | D:15     | Glimpsed the power of Zot.
 11641 | D:15     | Touched by the power of Zot.
 11671 | D:15     | Found a staircase to the Depths.
 11740 | D:12     | Glimpsed the power of Zot.
 11790 | D:11     | Glimpsed the power of Zot.
 11827 | D:10     | Bought a potion of experience for 750 gold pieces
 11827 | D:10     | Bought a scroll of blinking for 112 gold pieces
 11829 | D:10     | Glimpsed the power of Zot.
 11839 | D:10     | Touched by the power of Zot.
 11841 | D:10     | Reached XP level 15. HP: 74/74 MP: 30/30
 11899 | Orc:1    | Entered Level 1 of the Orcish Mines
 12126 | Orc:2    | Entered Level 2 of the Orcish Mines
 12206 | Orc:1    | Found a frozen archway.
 12219 | IceCv    | Entered an ice cave
 12598 | IceCv    | Reached XP level 16. HP: 109/119 MP: 31/31
 12702 | IceCv    | Reached XP level 17. HP: 60/126 MP: 7/32
 12723 | IceCv    | Glimpsed the power of Zot.
 12773 | IceCv    | Glimpsed the power of Zot.
 12777 | IceCv    | Identified the +9 morningstar of the Telling Messenger
                  | {pain, rCorr Str+7 Int-3}
 12813 | IceCv    | Glimpsed the power of Zot.
 12823 | IceCv    | Touched by the power of Zot.
 12924 | IceCv    | Glimpsed the power of Zot.
 12974 | IceCv    | Glimpsed the power of Zot.
 13014 | IceCv    | Glimpsed the power of Zot.
 13023 | IceCv    | Touched by the power of Zot.
 13124 | IceCv    | Glimpsed the power of Zot.
 13174 | IceCv    | Glimpsed the power of Zot.
 13214 | IceCv    | Glimpsed the power of Zot.
 13223 | IceCv    | Touched by the power of Zot.
 13563 | Orc:2    | Found a staircase to the Elven Halls.
 13676 | Orc:2    | Found Lann's Book Emporium.
 13757 | Orc:2    | Found Ruujuenk's Antique Weapon Boutique.
 13961 | Orc:2    | Found Atailiz's Antique Armour Shop.
 14047 | Orc:2    | Glimpsed the power of Zot.
 14086 | Orc:2    | Noticed Snorg
 14097 | Orc:2    | Glimpsed the power of Zot.
 14102 | Orc:2    | Killed Snorg
 14137 | Orc:2    | Glimpsed the power of Zot.
 14147 | Orc:2    | Touched by the power of Zot.
 14248 | Orc:2    | Glimpsed the power of Zot.
 14298 | Orc:2    | Glimpsed the power of Zot.
 14340 | Orc:2    | Glimpsed the power of Zot.
 14350 | Orc:2    | Touched by the power of Zot.
 14355 | Orc:2    | Found Ywudghihay's General Store.
 14451 | Orc:2    | Glimpsed the power of Zot.
 14502 | Orc:2    | Glimpsed the power of Zot.
 14543 | Orc:2    | Glimpsed the power of Zot.
 14553 | Orc:2    | Touched by the power of Zot.
 14571 | Orc:2    | Bought a book of Power for 630 gold pieces
 14579 | Orc:2    | Learned a level 6 spell: Iron Shot
 14622 | Orc:2    | Bought a pair of faintly glowing gloves for 285 gold pieces
 14622 | Orc:2    | Identified the -2 pair of gloves of Precision Catastrophes
                  | {Will+} (You bought it in a shop on level 2 of the Orcish
                  | Mines)
 14654 | Orc:2    | Glimpsed the power of Zot.
 14739 | D:9      | Glimpsed the power of Zot.
 14789 | D:9      | Glimpsed the power of Zot.
 14829 | D:9      | Glimpsed the power of Zot.
 14839 | D:9      | Touched by the power of Zot.
 14926 | Lair:1   | Learned a level 5 spell: Iskenderun's Battlesphere
 15156 | Lair:1   | Found a runed translucent door.
 15256 | Lair:1   | Identified the ring "Nethraow" {*Slow rPois rC+++ MP+9
                  | Int+3}
 15356 | Lair:1   | Glimpsed the power of Zot.
 15408 | Lair:1   | Glimpsed the power of Zot.
 15448 | Lair:1   | Glimpsed the power of Zot.
 15458 | Lair:1   | Touched by the power of Zot.
 15559 | Lair:1   | Glimpsed the power of Zot.
 15612 | Lair:1   | Glimpsed the power of Zot.
 15652 | Lair:1   | Glimpsed the power of Zot.
 15661 | Lair:1   | Touched by the power of Zot.
 15762 | Lair:1   | Glimpsed the power of Zot.
 15930 | Lair:2   | Reached ***** piety under Elyvilon
 15953 | Lair:2   | Learned a level 7 spell: Spellforged Servitor
 16050 | Lair:2   | Reached skill level 1 in Summonings
 16072 | Lair:2   | Reached skill level 5 in Summonings
 16204 | Lair:2   | Noticed Fannar
 16213 | Lair:2   | Killed Fannar
 16374 | Lair:2   | Glimpsed the power of Zot.
 16428 | Lair:2   | Glimpsed the power of Zot.
 16468 | Lair:2   | Glimpsed the power of Zot.
 16478 | Lair:2   | Touched by the power of Zot.
 16572 | Lair:2   | Glimpsed the power of Zot.
 16620 | Lair:2   | Glimpsed the power of Zot.
 16660 | Lair:2   | Glimpsed the power of Zot.
 16670 | Lair:2   | Touched by the power of Zot.
 16793 | Lair:3   | Found a staircase to the Snake Pit.
 16922 | Lair:3   | Noticed Kirke
 16933 | Lair:3   | Killed Kirke
 17006 | Lair:3   | Gained mutation: You passively map a large area around you.
                  | [Meteoran growth]
 17006 | Lair:3   | Reached XP level 18. HP: 133/135 MP: 29/33
 17387 | Lair:3   | Glimpsed the power of Zot.
 17390 | Lair:3   | Found a staircase to the Swamp.
 17872 | Lair:4   | Reached ****** piety under Elyvilon
 18011 | Lair:4   | Glimpsed the power of Zot.
 18061 | Lair:4   | Glimpsed the power of Zot.
 18101 | Lair:4   | Glimpsed the power of Zot.
 18111 | Lair:4   | Touched by the power of Zot.
 18212 | Lair:4   | Glimpsed the power of Zot.
 18261 | Lair:5   | Entered Level 5 of the Lair of Beasts
 18290 | Lair:5   | Found a staircase to the Slime Pits.
 18562 | Lair:5   | HP: 5/135 [komodo dragon (24)]
 18838 | Lair:5   | Glimpsed the power of Zot.
 18889 | Lair:5   | Glimpsed the power of Zot.
 18927 | Lair:5   | Found a burning altar of Makhleb.
 18933 | Lair:5   | Found a gateway to Hell.
 18934 | Lair:5   | Glimpsed the power of Zot.
 18938 | Lair:5   | Identified the +6 hand axe of the Transmuting Dove {flame,
                  | rElec Int-2 Dex+3}
 18944 | Lair:5   | Touched by the power of Zot.
 19045 | Lair:5   | Glimpsed the power of Zot.
 19096 | Lair:5   | Glimpsed the power of Zot.
 19136 | Lair:5   | Glimpsed the power of Zot.
 19146 | Lair:5   | Touched by the power of Zot.
 19224 | Lair:5   | Glimpsed the power of Zot.
 19273 | Lair:3   | Glimpsed the power of Zot.
 19276 | Snake:1  | Entered Level 1 of the Snake Pit
 19609 | Snake:1  | You fall into a shaft and drop 1 floor!
 19698 | Snake:1  | Reached XP level 19. HP: 76/141 MP: 29/34
 19871 | Snake:1  | Identified the +1 leather armour "Temnyu" {rF+}
 20414 | Snake:1  | Glimpsed the power of Zot.
 20421 | Snake:1  | Reached skill level 27 in Conjurations
 20424 | Snake:1  | Reached skill level 1 in Earth Magic
 20472 | Snake:1  | Glimpsed the power of Zot.
 20510 | Snake:1  | Learned a level 8 spell: Lehudib's Crystal Spear
 20512 | Snake:1  | Glimpsed the power of Zot.
 20520 | Snake:1  | Identified the +7 chain mail of Compression {Dex+2}
 20521 | Snake:1  | Identified the ring of Entrepreneurial Spirit {MP+9 Str+2
                  | Int+5 Slay+5}
 20522 | Snake:1  | Touched by the power of Zot.
 20595 | Snake:2  | Reached skill level 5 in Earth Magic
 20624 | Snake:1  | Glimpsed the power of Zot.
 20674 | Snake:1  | Glimpsed the power of Zot.
 20715 | Snake:2  | Glimpsed the power of Zot.
 20725 | Snake:2  | Touched by the power of Zot.
 20752 | Snake:3  | Found a stormy altar of Qazlal.
 20788 | Snake:2  | Found Kiket's Jewellery Shoppe.
 20790 | Snake:2  | Found Luofi Mof's Weapon Emporium.
 20790 | Snake:2  | Found Yxangui's Assorted Antiques.
 20794 | Snake:2  | Found Vupuaf's Jewellery Emporium.
 20816 | Snake:2  | Bought a pair of runed boots for 240 gold pieces
 21081 | Snake:2  | Noticed Aizul
 21091 | Snake:2  | Killed Aizul
 21280 | Snake:3  | Learned a level 5 spell: Freezing Cloud
 21443 | Snake:3  | Glimpsed the power of Zot.
 21500 | Snake:3  | Glimpsed the power of Zot.
 21520 | Snake:3  | Identified the ring of Udghits {rF+ Will+ Str+3}
 21540 | Snake:3  | Glimpsed the power of Zot.
 21551 | Snake:3  | Touched by the power of Zot.
 21615 | Snake:3  | Reached skill level 10 in Earth Magic
 21652 | Snake:3  | Glimpsed the power of Zot.
 21702 | Snake:3  | Glimpsed the power of Zot.
 21742 | Snake:3  | Glimpsed the power of Zot.
 21752 | Snake:3  | Touched by the power of Zot.
 21853 | Snake:3  | Glimpsed the power of Zot.
 21885 | Snake:4  | Entered Level 4 of the Snake Pit
 21917 | Snake:4  | Reached skill level 1 in Ice Magic
 22118 | Snake:4  | Reached skill level 5 in Ice Magic
 22132 | Snake:4  | Reached XP level 20. HP: 79/148 MP: 30/35
 22388 | Snake:4  | Reached skill level 10 in Ice Magic
 22445 | Snake:4  | Got a serpentine rune of Zot
 22462 | Snake:4  | Glimpsed the power of Zot.
 22512 | Snake:4  | Glimpsed the power of Zot.
 22552 | Snake:4  | Glimpsed the power of Zot.
 22562 | Snake:4  | Touched by the power of Zot.
 22663 | Snake:4  | Glimpsed the power of Zot.
 22713 | Snake:4  | Glimpsed the power of Zot.
 22753 | Snake:4  | Glimpsed the power of Zot.
 22763 | Snake:4  | Touched by the power of Zot.
 22864 | Snake:4  | Glimpsed the power of Zot.
 22914 | Snake:4  | Glimpsed the power of Zot.
 22953 | Snake:3  | Glimpsed the power of Zot.
 22963 | Snake:3  | Touched by the power of Zot.
 23028 | Swamp:1  | Entered Level 1 of the Swamp
 23505 | Swamp:1  | Glimpsed the power of Zot.
 23548 | Swamp:1  | Glimpsed the power of Zot.
 23580 | Swamp:1  | Glimpsed the power of Zot.
 23590 | Swamp:1  | Touched by the power of Zot.
 23799 | Swamp:2  | Found a burning altar of Makhleb.
 24161 | Swamp:3  | Identified Roxanne's Secrets of Metal
 24161 | Swamp:3  | Noticed Roxanne
 24176 | Swamp:3  | Killed Roxanne
 24197 | Swamp:3  | Learned a level 6 spell: Statue Form
 24226 | Swamp:3  | Reached skill level 1 in Transmutations
 24677 | Swamp:4  | Entered Level 4 of the Swamp
 24680 | Swamp:4  | Reached skill level 5 in Transmutations
 24699 | Swamp:4  | Reached XP level 21. HP: 155/155 MP: 38/38
 24733 | Swamp:4  | HP: 6/155 [four-headed hydra (7)]
 24733 | Swamp:4  | HP: 1/155 [four-headed hydra (5)]
 24733 | Swamp:4  | Elyvilon protects you from harm!
 24733 | Swamp:4  | Elyvilon protects you from harm!
 25043 | Swamp:4  | Reached skill level 10 in Transmutations
 25093 | Swamp:4  | Got a decaying rune of Zot
 25268 | Lair:3   | Glimpsed the power of Zot.
 25278 | Lair:3   | Touched by the power of Zot.
 25379 | Lair:1   | Glimpsed the power of Zot.
 25383 | Lair:1   | Learned a level 2 spell: Passwall
 25446 | D:11     | Glimpsed the power of Zot.
 25460 | Orc:1    | Glimpsed the power of Zot.
 25499 | Orc:2    | Bought a spiked ring mail for 270 gold pieces
 25499 | Orc:2    | Identified the +0 ring mail of Mimpof {-Tele rPois rC+}
                  | (You bought it in a shop on level 2 of the Orcish Mines)
 25499 | Orc:2    | Bought a glowing orb for 360 gold pieces
 25500 | Orc:2    | Glimpsed the power of Zot.
 25508 | Orc:2    | Touched by the power of Zot.
 25583 | D:12     | Glimpsed the power of Zot.
 25623 | D:13     | Glimpsed the power of Zot.
 25632 | D:13     | Touched by the power of Zot.
 25638 | Vaults:1 | Entered Level 1 of the Vaults
 25769 | Vaults:1 | Noticed Zenata
 25887 | D:13     | Glimpsed the power of Zot.
 25927 | Vaults:1 | Killed Zenata
 26030 | Vaults:1 | Found Pecrussie's Jewellery Emporium.
 26179 | Vaults:1 | Reached skill level 15 in Ice Magic
 26195 | Vaults:1 | Glimpsed the power of Zot.
 26245 | Vaults:1 | Glimpsed the power of Zot.
 26285 | Vaults:1 | Glimpsed the power of Zot.
 26290 | Vaults:1 | Identified a scroll of acquirement
 26291 | Vaults:1 | Acquired a book of Fire
 26295 | Vaults:1 | Touched by the power of Zot.
 26396 | Vaults:1 | Glimpsed the power of Zot.
 26435 | Vaults:1 | Glimpsed the power of Zot.
 26466 | Vaults:1 | Glimpsed the power of Zot.
 26473 | Vaults:1 | Touched by the power of Zot.
 26569 | Vaults:1 | Glimpsed the power of Zot.
 26619 | Vaults:1 | Glimpsed the power of Zot.
 26659 | Vaults:1 | Glimpsed the power of Zot.
 26669 | Vaults:1 | Touched by the power of Zot.
 26771 | Vaults:1 | Glimpsed the power of Zot.
 26821 | Vaults:1 | Glimpsed the power of Zot.
 26861 | Vaults:1 | Glimpsed the power of Zot.
 26871 | Vaults:1 | Touched by the power of Zot.
 27059 | Vaults:2 | Elyvilon protects you from harm!
 27072 | Vaults:2 | Reached XP level 22. HP: 70/161 MP: 31/40
 27245 | Vaults:2 | Noticed an ancient lich
 27263 | Vaults:2 | Killed an ancient lich
 27348 | Vaults:2 | Found a runed translucent door.
 27483 | Vaults:2 | Noticed Yjimoseergh's ghost (adept SpFE)
 27509 | Vaults:2 | Glimpsed the power of Zot.
 27519 | Vaults:2 | Killed Yjimoseergh's ghost
 27525 | Vaults:2 | Got the Compilation of the Lithosphere
 27550 | Vaults:2 | Glimpsed the power of Zot.
 27578 | Vaults:2 | Glimpsed the power of Zot.
 27586 | Vaults:2 | Touched by the power of Zot.
 27671 | Vaults:2 | Glimpsed the power of Zot.
 27712 | Vaults:2 | Glimpsed the power of Zot.
 27754 | Vaults:2 | Glimpsed the power of Zot.
 27764 | Vaults:2 | Touched by the power of Zot.
 27862 | Vaults:2 | Glimpsed the power of Zot.
 27912 | Vaults:2 | Glimpsed the power of Zot.
 27954 | Vaults:2 | Glimpsed the power of Zot.
 27964 | Vaults:2 | Touched by the power of Zot.
 28033 | Vaults:2 | Glimpsed the power of Zot.
 28083 | Vaults:2 | Glimpsed the power of Zot.
 28125 | Vaults:2 | Glimpsed the power of Zot.
 28134 | Vaults:2 | Touched by the power of Zot.
 28218 | Vaults:2 | Glimpsed the power of Zot.
 28513 | Vaults:3 | Found a transporter.
 28517 | Vaults:3 | Found a bloodstained altar of Trog.
 28536 | Vaults:3 | Noticed Kare Xaoge's ghost (adept DgTm)
 28545 | Vaults:3 | Found a transporter.
 28570 | Vaults:3 | Gained mutation: You are clumsy. (Dex -2) [mutagenic glow]
 28571 | Vaults:3 | Killed Kare Xaoge's ghost
 28578 | Vaults:3 | Reached XP level 23. HP: 83/167 MP: 8/42
 28707 | Vaults:3 | Identified the +0 hat of Lifelessness {Rampage Fly Slay+3}
 28713 | Vaults:3 | Glimpsed the power of Zot.
 28763 | Vaults:3 | Glimpsed the power of Zot.
 28803 | Vaults:3 | Glimpsed the power of Zot.
 28813 | Vaults:3 | Touched by the power of Zot.
 28835 | Vaults:3 | Noticed a bone dragon
 28841 | Vaults:3 | Killed a bone dragon
 28902 | Vaults:3 | Glimpsed the power of Zot.
 28919 | Vaults:3 | Found a staircase to the Crypt.
 28955 | Vaults:3 | Glimpsed the power of Zot.
 28989 | Vaults:3 | Glimpsed the power of Zot.
 28998 | Vaults:3 | Touched by the power of Zot.
 29001 | Vaults:3 | Reached skill level 15 in Spellcasting
 29096 | Vaults:3 | Glimpsed the power of Zot.
 29146 | Vaults:3 | Glimpsed the power of Zot.
 29186 | Vaults:3 | Glimpsed the power of Zot.
 29196 | Vaults:3 | Touched by the power of Zot.
 29238 | Vaults:3 | Identified the ring of the Leaf {rPois EV+4}
 29297 | Vaults:3 | Glimpsed the power of Zot.
 29347 | Vaults:3 | Glimpsed the power of Zot.
 29387 | Vaults:3 | Glimpsed the power of Zot.
 29397 | Vaults:3 | Touched by the power of Zot.
 29409 | Vaults:3 | Got the Grimoire of Pestilent Breath
 29502 | Vaults:3 | Glimpsed the power of Zot.
 29555 | Vaults:3 | Glimpsed the power of Zot.
 29566 | Vaults:3 | Learned a level 9 spell: Polar Vortex
 29593 | Vaults:3 | Glimpsed the power of Zot.
 29600 | Vaults:3 | Touched by the power of Zot.
 29696 | Vaults:3 | Glimpsed the power of Zot.
 29746 | Vaults:3 | Glimpsed the power of Zot.
 29790 | Vaults:3 | Glimpsed the power of Zot.
 29800 | Vaults:3 | Touched by the power of Zot.
 29903 | Vaults:3 | Glimpsed the power of Zot.
 30389 | Vaults:4 | Glimpsed the power of Zot.
 30439 | Vaults:4 | Glimpsed the power of Zot.
 30478 | Vaults:4 | Glimpsed the power of Zot.
 30485 | Vaults:4 | Touched by the power of Zot.
 30558 | Vaults:4 | Glimpsed the power of Zot.
 30592 | Vaults:4 | Glimpsed the power of Zot.
 30629 | Vaults:4 | Glimpsed the power of Zot.
 30639 | Vaults:4 | Touched by the power of Zot.
 30655 | Vaults:4 | Reached XP level 24. HP: 139/174 MP: 35/43
 30725 | Vaults:4 | Glimpsed the power of Zot.
 30772 | Vaults:4 | Glimpsed the power of Zot.
 30803 | Vaults:4 | Glimpsed the power of Zot.
 30813 | Vaults:4 | Touched by the power of Zot.
 30909 | Vaults:4 | Glimpsed the power of Zot.
 30946 | Vaults:4 | Glimpsed the power of Zot.
 30983 | Vaults:4 | Glimpsed the power of Zot.
 30992 | Vaults:4 | Touched by the power of Zot.
 31096 | Vaults:4 | Glimpsed the power of Zot.
 31146 | Vaults:4 | Glimpsed the power of Zot.
 31186 | Vaults:3 | Glimpsed the power of Zot.
 31196 | Vaults:3 | Touched by the power of Zot.
 31296 | Vaults:4 | Glimpsed the power of Zot.
 31314 | Vaults:5 | Entered Level 5 of the Vaults
 31384 | Vaults:5 | Noticed Frederick
 31391 | Vaults:4 | Killed Frederick
 31477 | Vaults:5 | Noticed Saint Roka
 31603 | Vaults:4 | Killed Saint Roka
 31715 | Vaults:5 | Reached XP level 25. HP: 168/180 MP: 36/44
 31794 | Vaults:5 | Glimpsed the power of Zot.
 31828 | Vaults:5 | Glimpsed the power of Zot.
 31861 | Vaults:5 | Glimpsed the power of Zot.
 31867 | Vaults:5 | Touched by the power of Zot.
 31967 | Vaults:4 | Glimpsed the power of Zot.
 32007 | Vaults:5 | Glimpsed the power of Zot.
 32036 | Vaults:5 | Glimpsed the power of Zot.
 32043 | Vaults:5 | Touched by the power of Zot.
 32142 | Vaults:5 | Glimpsed the power of Zot.
 32193 | Vaults:5 | Glimpsed the power of Zot.
 32220 | Vaults:5 | Glimpsed the power of Zot.
 32226 | Vaults:5 | Touched by the power of Zot.
 32257 | Vaults:5 | Got a silver rune of Zot
 32282 | Vaults:5 | Found the +0 staff of Battle
 32289 | Vaults:5 | Identified the ring of Wonder {rF++ AC+4 Str+3 SInv}
 32312 | Vaults:5 | Glimpsed the power of Zot.
 32349 | Vaults:5 | Identified the +7 morningstar "Woettenn" {venom, rF+ Int+3}
 32362 | Vaults:5 | Glimpsed the power of Zot.
 32402 | Vaults:5 | Glimpsed the power of Zot.
 32412 | Vaults:5 | Touched by the power of Zot.
 32513 | Vaults:5 | Glimpsed the power of Zot.
 32516 | Vaults:5 | Identified the +6 flail "Fibif" {speed, rCorr Int+3}
 32563 | Vaults:5 | Glimpsed the power of Zot.
 32603 | Vaults:5 | Glimpsed the power of Zot.
 32612 | Vaults:5 | Touched by the power of Zot.
 32705 | Vaults:5 | Found Fuza's Jewellery Shop.
 32705 | Vaults:5 | Found Kuics's Armour Shoppe.
 32713 | Vaults:5 | Glimpsed the power of Zot.
 32717 | Vaults:5 | Identified the +10 plate armour of the Hidden Mice {rPois
                  | rN+ Int-2 Dex+3}
 32723 | Vaults:5 | Bought a +1 helmet for 241 gold pieces
 32763 | Vaults:5 | Glimpsed the power of Zot.
 32803 | Vaults:5 | Glimpsed the power of Zot.
 32812 | Vaults:5 | Touched by the power of Zot.
 32911 | Vaults:2 | Glimpsed the power of Zot.
 32962 | D:13     | Glimpsed the power of Zot.
 33001 | D:15     | Glimpsed the power of Zot.
 33011 | D:15     | Touched by the power of Zot.
 33035 | Depths:1 | Entered Level 1 of the Depths
 33116 | Depths:2 | Found a one-way gate leading to the halls of Pandemonium.
 33165 | Depths:3 | Found a corrupted altar of Lugonu.
 33443 | Depths:4 | Entered Level 4 of the Depths
 33680 | Depths:4 | Reached skill level 1 in Shields
 33743 | Depths:4 | Found a gate to the Realm of Zot.
 33743 | Depths:4 | Noticed a golden dragon
 33743 | Depths:4 | Noticed a golden dragon
 33760 | Depths:4 | Killed a golden dragon
 33762 | Depths:4 | Killed a golden dragon
 33833 | Zot:1    | Entered Level 1 of the Realm of Zot
 33931 | Zot:3    | Reached XP level 26. HP: 186/186 MP: 18/44
 34004 | Zot:3    | Identified the +9 longbow of the Sheltering Owl {flame,
                  | Contam rC+ Will+ Int+2}
 34089 | Zot:5    | Entered Level 5 of the Realm of Zot
 34117 | Zot:5    | Reached skill level 27 in Ice Magic
 34173 | Zot:5    | Noticed a dread lich
 34190 | Zot:5    | Killed a dread lich
 34246 | Zot:5    | Noticed a Killer Klown
 34297 | Zot:5    | HP: 7/192 [Killer Klown/klown pie (37)]
 34297 | Zot:5    | Elyvilon protects you from harm!
 34301 | Zot:4    | Killed from afar by a storm dragon

Illustrated notes

Levels and vault maps discovered:
D:1:      minmay_arrival_four_loops, layout_loops_ring,
          ebering_ecumenical_altar_mist
D:2:      layout_rooms, uniq_sigmund, uniq_jessica
D:3:      layout_loops_ring, nicolae_ashenzari_panopticon, chequers_jeans,
          uniq_natasha, uniq_crazy_yiuf_cottage
D:4:      layout_loops_corners, nicolae_dithmenos_through_a_glass_darkly,
          grunt_tough_drop, uniq_edmund, uniq_eustachio, uniq_robin
D:5:      layout_loops_ring
D:6:      layout_rooms, nicolae_ru_great_annihilating_truth, nrook_pool_corridor
D:7:      cheibrodos_statue_roulette, layout_basic, lemuel_temple_firewalk_b
D:8:      layout_rooms, uniq_erica
D:9:      layout_loops_corners, mainiacjoe_overflow_24_doors, dpeg_oklobed_lair,
          eino_house_with_fridge
D:10:     layout_loops_corners, serial_shops, nicolae_shop_statue_plus
D:11:     layout_irregular_city, hiddenorc2_lemuel, enter_trove_1,
          uniq_josephine, uniq_nergalle
D:12:     minmay_the_grid_triangle_9x9_recursive_2_mashed
          [minmay_the_grid_triangle_9x9_prize_top_heavy,
          minmay_the_grid_triangle_9x9_sprig,
          minmay_the_grid_triangle_9x9_sparse_checkered,
          minmay_the_grid_triangle_9x9_flanged_cone], layout_grid_maze
D:13:     layout_small_grid, grunt_vaults_entry_fortified
D:14:     layout_small_grid, serial_co_window_serial, co_window_cross_1,
          co_window_corner_a, co_window_corner_a, co_window_corner_a,
          co_window_corner_a, co_window_corner_b, co_window_corner_b,
          co_window_of_opportunity_b, co_window_corner_b,
          co_window_unsneaky_path_c, co_window_broadway_c, co_window_corner_b,
          co_window_4corner_a, glass_columns_c, glass_columns_b
D:15:     gammafunk_enter_depths_forms, layout_rooms, nicolae_figureground_pulse
Temple:   eino_narrow_crystal_temple
Lair:1:   gammafunk_lair_enchanted_lake, layout_chaotic_city,
          lemuel_fruit_fields
Lair:2:   layout_small_grid, chequers_serial_rivers_large_a,
          infiniplex_staircase_pool, serial_bayou_shore_b, uniq_fannar
Lair:3:   layout_regular_city, minmay_swamp_entry_reptiles,
          minmay_snake_entry_guardpost_small, uniq_kirke
Lair:4:   layout_regular_city, kilobyte_rumbling_trees
Lair:5:   evil_forest, layout_cave_shapes, slime_entry_1,
          chequers_serial_rivers_large_b
Swamp:1:  layout_basic_swamp, nicolae_swamp_little_tower, swamp_pool1
Swamp:2:  layout_falls_marsh, lemuel_altar_in_water, swamp_pool2,
          nicolae_swamp_drake_lake
Swamp:3:  layout_basic_swamp, serial_swamp_ruin, evilmike_swamp_ruin_house_2,
          evilmike_swamp_ruin_house_5, evilmike_swamp_ruin_house_4, swamp_pool1,
          infiniplex_staircase_pool_2, uniq_roxanne
Swamp:4:  swamp, layout_basic_swamp
Snake:1:  nicolae_snake_attic_fulla_snakes, layout_chambers,
          hangedman_snake_corridor_cut
Snake:2:  layout_misc_corridors, minmay_shoptagon, uniq_aizul
Snake:3:  nicolae_snake_nest, layout_misc_corridors, basic_altar
Snake:4:  minmay_snake_end_coiled, layout_rooms
Orc:1:    layout_diamond_mine, portal_ice_cave_entry_pillars_1, mines1_david
Orc:2:    grunt_orc_gardens, layout_caves, grunt_orc_garden, grunt_orc_garden,
          grunt_orc_garden, grunt_orc_garden, enter_volcano_3, uniq_snorg
Vaults:1: hangedman_vaults_variations, nicolae_vaults_yaktaur_gun_rack,
          ontoclasm_vaults_ring_small, grunt_vaults_focal,
          ontoclasm_vaults_twist, grunt_vaults_twisty, layout_vaults_omnigrid,
          serial_shops, nicolae_shop_stone, uniq_zenata
Vaults:2: hellmonk_ghost_big_iron, vaults_standard_mumra_lines,
          ontoclasm_vaults_gateway, vaults_room_fancy_cross, st_quartered_hall,
          vaults_standard_mumra_x, vaults_dpeg_emergency_exit,
          dpeg_vaults_monster_box, layout_vaults_maze_snakey
Vaults:3: gammafunk_ghost_wrathful_warriors, v_misc_23, ontoclasm_vaults_idyll,
          st_check, minmay_crypt_entry_nasty_monster, vaults_room_fancy_cross,
          v_misc_13, vaults_mumra_minichess, v_alt_pattern_2, vaults_room_fours,
          nicolae_vaults_alarming, layout_vaults_omnicross
Vaults:4: v_misc_19, v_alt_pattern_2, vaults_room_pool,
          vaults_dpeg_encased_lava, vaults_mumra_minichess_inversion,
          vaults_dpeg_hooks, nicolae_vaults_rhombus_5, v_alt_pattern_1,
          hangedman_vaults_slice, vaults_room_pool, ontoclasm_vaults_pinch,
          nicolae_vaults_c_with_doors, v_misc_31, hangedman_vaults_stagger,
          v_misc_30, layout_vaults_ring
Vaults:5: serial_shops, uniq_frederick, uniq_saint_roka
Depths:1: layout_gridlike, fedhas_altar_4, grunt_hell_horde,
          grunt_pan_entry_spiral, zin_angel, serial_bayou_shore_b
Depths:2: hangedman_stitches_corridor, layout_basic, serial_glass,
          glass_columns_a, glass_columns_a, pf_hell_entry_great_geh,
          rand_demon_pan_entry_5, nicolae_abyss_entry_one_way_or_another
Depths:3: kennysheep_blocky_room, layout_cross, enter_ziggurat_a,
          nicolae_sextant, abyss_entry_flame_altar, hell_entry, pan_entry,
          grunt_ministairs_14, hangedman_decor_riveting, hangedman_decor_lopped,
          grunt_decor_junction, grunt_decor_fettered
Depths:4: grunt_zot_entry_funnels, layout_cave_pools, minmay_tree_intersection,
          hangedman_tar_grid_catacomb, rand_demon_pan_entry_9,
          lightli_giant_bouncers, serial_bayou_shore_a
Zot:1:    layout_gridlike, gammafunk_ghost_ooze
Zot:2:    layout_basic
Zot:3:    layout_misc_corridors, st_small_dragon_hoard_3
Zot:4:    layout_cathedral_of_symmetry, grunt_ministairs_13, lemuel_lake_of_fire
Zot:5:    layout_gridlike

Skill      XL: |  1  2  3  4  5  6  7  8  9 10 11 12 13 14 15 16 17 18 19 20 21 22 23 24 25 26 |
---------------+-------------------------------------------------------------------------------+-----
Conjurations   | 5 6 7 8 9 10 11 14 17 20 21 23 26 27 | 27.0
Spellcasting   | 6 10 12 13 14 15 16 | 16.0
Invocations    | 3 6 9 10 | 10.0
Evocations     | 5 10 | 10.0
Fighting       | 1 5 6 7 |  7.4
Dodging        | 5 6 |  6.9
Staves         | 1 5 9 12 14 | 14.0
Armour         | 5 7 |  7.0
Summonings     | 5 |  5.0
Earth Magic    | 10 | 10.0
Ice Magic      | 6 13 16 19 22 24 26 27 | 27.0
Transmutations | 5 10 | 10.0
Shields        | 4 |  4.0
Stealth        | |  1.4

Action                   |  1- 3 |  4- 6 |  7- 9 | 10-12 | 13-15 | 16-18 | 19-21 | 22-24 | 25-27 || total
-------------------------+-------+-------+-------+-------+-------+-------+-------+-------+-------++-------
Melee: Rapier            |     4 |    11 |       |       |       |       |       |       |       ||    15
       Quarterstaff      |       |       |    27 |    75 |   118 |   102 |       |       |       ||   322
       Dagger            |       |       |       |    18 |       |       |       |       |       ||    18
       Punch             |       |       |       |     1 |       |       |       |       |       ||     1
       Lajatang          |       |       |       |       |       |   503 |   495 |   492 |   124 ||  1614
       Staff             |       |       |       |       |       |       |       |       |    11 ||    11
Throw: Dart              |       |     3 |     1 |     9 |     5 |     5 |       |       |       ||    23
       Throwing net      |       |       |       |     2 |       |     1 |       |       |       ||     3
 Cast: Magic Dart        |    14 |       |       |       |       |       |       |       |       ||    14
       Searing Ray       |     6 |    12 |    50 |    52 |    37 |    10 |       |       |       ||   167
       Fulminant Prism   |       |       |     7 |    32 |    21 |    13 |       |       |       ||    73
       Iskenderun's Myst |       |       |     1 |    42 |    69 |    63 |    31 |     8 |     3 ||   217
       Irradiate         |       |       |       |       |    44 |    57 |     5 |    12 |     2 ||   120
       Iron Shot         |       |       |       |       |       |    47 |    29 |    15 |    43 ||   134
       Iskenderun's Batt |       |       |       |       |       |     3 |       |       |       ||     3
       Spellforged Servi |       |       |       |       |       |    14 |    45 |    33 |    26 ||   118
       Freezing Cloud    |       |       |       |       |       |       |    35 |     2 |       ||    37
       Lehudib's Crystal |       |       |       |       |       |       |    19 |    30 |    30 ||    79
       Statue Form       |       |       |       |       |       |       |     9 |    32 |    19 ||    60
       Polar Vortex      |       |       |       |       |       |       |       |     7 |     3 ||    10
Invok: Purification      |       |       |       |     5 |    10 |    15 |    17 |    16 |     7 ||    70
       Heal Other        |       |       |       |       |     5 |       |     4 |     1 |       ||    10
       Heal Self         |       |       |       |       |     3 |     4 |    22 |    14 |     1 ||    44
 Abil: End Transformatio |       |       |       |       |       |       |     2 |    14 |     2 ||    18
Evoke: Wand              |       |       |     1 |    11 |     9 |     4 |     3 |     3 |       ||    31
  Use: Scroll            |     3 |     5 |     9 |     9 |     8 |    13 |     9 |     5 |     1 ||    62
       Potion            |       |       |     1 |     2 |     3 |     1 |     2 |     2 |     1 ||    12
 Stab: Distracted        |       |       |       |       |       |     5 |     8 |    19 |     4 ||    36
Armor: Robe              |     2 |       |    27 |    42 |       |       |       |       |       ||    71
       Acid dragon scale |       |       |       |    19 |   140 |   268 |   170 |       |       ||   597
       Troll leather arm |       |       |       |       |       |     1 |    19 |    35 |    13 ||    68
       Skin              |       |       |       |       |       |       |    98 |   406 |   186 ||   690
Dodge: Dodged            |    12 |    15 |    53 |   101 |   137 |   308 |   259 |   312 |   141 ||  1338
Block: Buckler           |       |       |       |       |       |       |       |       |     6 ||     6
